 Dungeon Crawl Stone Soup version 0.29-a0-542-g075992c915 (webtiles) character file.

Game seed: 12517041692429198861

103 spiderkeys the Skirmisher (level 5, -9/46 HPs)
             Began as a Meteoran Abyssal Knight on June 5, 2022.
             Was a Priest of Lugonu.
             Killed by an exploding orc wizard (26 damage)
             ... ignited by their inner flame
             ... on level 3 of the Dungeon.
             The game lasted 00:06:36 (790 turns).

spiderkeys the Skirmisher (Meteoran Abyssal Knight)  Turns: 790, Time: 00:06:37

Health: -9/46      AC:  5    Str: 14    XL:     5   Next: 29%
Magic:  8/8        EV: 11    Int: 13    God:    Lugonu [***...]
Gold:   51         SH:  0    Dex: 15    Spells: 4/4 levels left

rFire   . . .      SeeInvis .   a - +1 spear
rCold   . . .      Faith    .   (no shield)
rNeg    . . .      Spirit   .   i - +0 ring mail
rPois   .          Reflect  .   (no helmet)
rElec   .          Harm     .   (no cloak)
rCorr   .          Rampage  .   (no gloves)
Will    .....                   (no boots)
Stlth   +.........              (no amulet)
HPRegen 0.15/turn               (no ring)
MPRegen 0.11/turn               (no ring)

@: glowing
A: sense surroundings 1, otherworldly, glowing, explore regen
a: Renounce Religion, Depart the Abyss, Bend Space, Banish


You were on level 3 of the Dungeon.
You worshipped Lugonu.
Lugonu was most pleased with you.
You visited 1 branch of the dungeon, and saw 3 of its levels.
You visited the Abyss 1 time.

You collected 51 gold pieces.


Innate Abilities, Weirdness & Mutations

You passively map a small area around you.
You are easily found by Zot.
You glow in the dark.
You regain HP and MP as you explore.


   Skills:
 + Level 4.0 Fighting
 + Level 3.4 Polearms
 - Level 3.0 Armour
 + Level 2.6 Dodging
 + Level 3.6 Invocations


You had 4 spell levels left.
You didn't know any spells.
Your spell library contained the following spells:

 Spells                   Type           Power      Damage    Failure   Level
 Necrotize                Necr           0%         1d4       52%         1
 Vampiric Draining        Necr           0%         2d6       88%         3
 Agony                    Necr           0%         N/A       100%        5

Inventory:

Hand Weapons
 a - a +1 spear (weapon)
Missiles
 g - a stone
Armour
 b - a +0 leather armour
 f - a +0 leather armour
   (You found it on level 1 of the Dungeon)
 i - a +0 ring mail (worn)
   (You found it on level 2 of the Dungeon)
Scrolls
 c - a scroll of summoning {unknown}
 h - a scroll of noise {unknown}
 m - a scroll of amnesia {unknown}

Dungeon Overview and Level Annotations

Branches:
Dungeon (3/15)

Altars:

Annotations:
D:3 Grinder

##### * * #...# ,
#...# * , #.§.#
#§@§# ###### #§○§#
, ..... #§)§# *
*#... #...#
####...###...####*
...o..o.......).>#
.....o........####
**#######.###'#.#
,. #†###.#.#


There were no monsters in sight!


Message History

As you read the scroll labelled DINUNE IXING, it crumbles to dust.
You feel strangely unstable.
It was a scroll of teleportation.
Grinder blinks!
Blink to where?
Press: ? - help, Dir - move target
As you read the scroll labelled HIULLAB QOSH, it crumbles to dust.
It was a scroll of blinking. 😨 HP[+2]
You regained 2 hp, and now have 20/46 hp.
Your surroundings suddenly seem different. 😨 HP[+1] 😨 HP[+1]
A frilled lizard comes into view.
The frilled lizard hisses angrily.
You hear a shout!
A goblin comes into view. It is wielding a +0 club.
You hear a shout!
You flicker for a moment.
The frilled lizard barely misses you.
The frilled lizard attacks as you move away!
The frilled lizard bites you but does no damage. 😨 HP[+1]
You hit the frilled lizard.
You kill the frilled lizard!
Lugonu accepts your kill. The goblin closely misses you.
You hit the goblin.
You kill the goblin!
Lugonu accepts your kill.
A ball python comes into view.
Things that are here:
a +0 club; a goblin corpse You flicker back into view.
The ball python hisses angrily.
You hear a shout! 😮 HP[+1]
You hit the ball python.
You kill the ball python!
Lugonu accepts your kill.
You see here a ball python corpse. 😮 HP[+5]
You regained 5 hp, and now have 29/46 hp. 2 orc wizards and 3 orcs come into view.
An orc wizard is wielding a +0 dagger and wearing a +2 robe of willpower.
An orc wizard is wielding a +2 dagger of venom.
An orc is wielding a +2 whip of venom.
The orc shouts! x2; The orc wizard shouts!
The orc wizard mumbles some strange words.
The orc wizard flickers and vanishes!
Deactivating autopickup; reactivate with Ctrl-A. 😮 HP[+2]
You regained 2 hp, and now have 31/46 hp. 😮 HP[+2]
You regained 2 hp, and now have 33/46 hp.
Found a scroll labelled DAONOU KEOF.
Found a stone staircase leading down. 😕 HP[+3]
You regained 3 hp, and now have 36/46 hp.
Something tries to affect you, but you resist. 😕 HP[+2]
You regained 2 hp, and now have 38/46 hp.
You see here a scroll labelled DAONOU KEOF.
d - a scroll labelled DAONOU KEOF You barely miss the orc wizard. 😕 HP[+1]
You hit the orc wizard but do no damage.
The orc wizard hits you with a +0 dagger. 😕 HP[-2]
You take 2 damage, and now have 37/46 hp.
You barely miss the orc wizard.
The orc wizard hits you but does no damage.
You closely miss the orc wizard.
The orc wizard hits you with a +0 dagger. 😕 HP[-1]
You take 1 damage, and now have 36/46 hp.
You hit the orc wizard.
The orc wizard mumbles some strange words.
The orc wizard flickers and vanishes!
You closely miss something.
You hear some strange, mumbled words.
Something tries to affect you, but you resist.
Something hits you but does no damage.
As you read the scroll labelled DAONOU KEOF, it crumbles to dust.
The creatures around you are filled with an inner flame!
It was a scroll of immolation.
The orc throws a boomerang.
Flame seeps out of something.
Lugonu accepts your kill.
Reactivating autopickup.
You feel a bit more experienced.
The orc wizard explodes!
The fiery explosion engulfs the orc!!!
Lugonu accepts your kill.
The fiery explosion engulfs the orc!!!
Lugonu accepts your kill. The fiery explosion engulfs you!!
* * * LOW HITPOINT WARNING * * *
The fiery explosion engulfs the orc!!
Lugonu accepts your kill.
The fiery explosion engulfs something!!
Lugonu accepts your kill.
You feel a bit more experienced.
The orc wizard explodes!
The fiery explosion engulfs you!!
Ouch! That really hurt!
You die...

Skill      XL: |  1  2  3  4 |
---------------+-------------+-----
Invocations    | 3 |  3.6
Dodging        | 2 |  2.6
Polearms       | 3 |  3.4
Armour         | 3 |  3.0
Fighting       | 4 |  4.0

Action                   |  1- 3 |  4- 6 || total
-------------------------+-------+-------++-------
Melee: Spear             |    78 |    76 ||   154
       Punch             |     2 |     1 ||     3
  Use: Scroll            |       |     4 ||     4
       Potion            |       |     2 ||     2
 Stab: Fleeing           |       |     1 ||     1
Armor: Leather armour    |    12 |       ||    12
       Ring mail         |     1 |    28 ||    29
Dodge: Dodged            |    24 |    27 ||    51

Levels and vault maps discovered:
D:1:      scummos_arrival_hexagon, layout_basic,
          chequers_ecumenical_altar_island
D:2:      layout_basic, uniq_natasha
D:3:      layout_basic, uniq_grinder

Notes
Turn   | Place    | Note
-------+----------+-------------------------------------------
     0 | Abyss:1  | spiderkeys the Meteoran Abyssal Knight began the quest for
                  | the Orb.
     0 | Abyss:1  | Reached XP level 1. HP: 19/19 MP: 3/3
     0 | Abyss:1  | magus.rc [v1.11.3]
    17 | D:1      | You pass through the gate.
    17 | D:1      | Escaped the Abyss
    79 | D:1      | You pick up a book of Necromancy and begin reading...
    79 | D:1      | You add the spells Necrotize, Vampiric Draining and Agony
                  | to your library.
    81 | D:1      | Reached XP level 2. HP: 26/26 MP: 4/4
   359 | D:2      | Reached XP level 3. HP: 8/31 MP: 6/6
   359 | D:2      | HP: 7/31 [poisoned by an adder]
   417 | D:2      | Reached skill level 3 in Invocations
   484 | D:2      | Reached skill level 2 in Dodging
   497 | D:2      | Reached skill level 3 in Polearms
   497 | D:2      | Reached skill level 3 in Armour
   497 | D:2      | Reached XP level 4. HP: 37/40 MP: 7/7
   537 | D:2      | Noticed Natasha
   552 | D:2      | Killed Natasha
   553 | D:2      | Reached skill level 4 in Fighting
   553 | D:2      | Reached XP level 5. HP: 19/46 MP: 8/8
   576 | D:2      | Reached *** piety under Lugonu
   737 | D:3      | Noticed Grinder
   750 | D:3      | Paralysed by Grinder for 3 turns
   790 | D:3      | Killed by an exploding orc wizard... ignited by their inner
                  | flame

Vanquished Creatures
  Natasha (D:2)
  2 orc wizards (D:3)
  5 adders
  3 orcs (D:3)
  8 ball pythons
  2 bats (D:2)
  3 endoplasms
  2 giant cockroaches
  2 hobgoblins
  A quokka (D:3)
  5 frilled lizards
  3 goblins (D:3)
  3 kobolds
  4 rats
44 creatures vanquished.

Table legend:
 A = Non-vault XP
 B = Vault XP
 C = Vault XP percentage of total XP
 D = Non-vault monster count
 E = Vault monster count
 F = Vault count percentage of total count
                 A         B        C        D         E       F
            +---------+---------+-------+---------+---------+-------
      Total |     181 |      35 |  16.2 |      43 |       1 |   2.3
            +---------+---------+-------+---------+---------+-------
        D:1 |      16 |       0 |   0.0 |      12 |       0 |   0.0
        D:2 |      72 |      35 |  32.7 |      17 |       1 |   5.6
        D:3 |      93 |       0 |   0.0 |      14 |       0 |   0.0
            +---------+---------+-------+---------+---------+-------

Illustrated notes

Table legend:
 A = Kills in this place as a percentage of kills in entire the game.
 B = Kills by you in this place as a percentage of kills by you in the entire game.
 C = Kills by friends in this place as a percentage of kills by friends in the entire game.
 D = Other kills in this place as a percentage of other kills in the entire game.
 E = Experience gained in this place as a percentage of experience gained in the entire game.
 F = Experience gained in this place divided by the number of levels of this place that you have seen.
                   A       B       C       D       E      F
               +-------+-------+-------+-------+-------+----------------------
         Total | 100.0 | 100.0 |   N/A |   N/A | 100.0 |  54.0
       Dungeon | 100.0 | 100.0 |   N/A |   N/A | 100.0 |  72.0
               +-------+-------+-------+-------+-------+----------------------

Table legend: (Time is in decaauts)
 A = Elapsed time spent in this place.
 B = Non-inter-level travel time spent in this place.
 C = Inter-level travel time spent in this place.
 D = Time resting spent in this place.
 E = Time spent auto-exploring this place.
 F = Levels seen in this place.
 G = Mean time per level.
                   A        B        C        D        E       F      G
               +--------+--------+--------+--------+--------+-----+--------+
         Total |    783 |    722 |     61 |      0 |      0 |   4 |  195.8 |
       Dungeon |    765 |    704 |     61 |      0 |      0 |   3 |  255.0 |
         Abyss |     18 |     18 |      0 |      0 |      0 |   1 |   18.0 |
               +--------+--------+--------+--------+--------+-----+--------+

Top non-repeatable levels by time:
     D:2: 305 daAuts
     D:1: 284 daAuts
     D:3: 175 daAuts
 Abyss:1: 18 daAuts
